 Dungeon Crawl Stone Soup version 0.22.1-2-g9c5b331383 (webtiles) character file.

40 Ivernyr the Gusty (level 3, 14/14 HPs)
             Began as a Felid Air Elementalist on Nov 17, 2018.
             Quit the game on level 2 of the Dungeon.
             The game lasted 00:06:55 (2628 turns).

Ivernyr the Gusty (Felid Air Elementalist)          Turns: 2628, Time: 00:06:55

Health: 14/14      AC:  1    Str:  4    XL:     3   Next: 30%
Magic:  7/7        EV: 19    Int: 17    God:
Gold:   139        SH:  0    Dex: 16    Spells: 1/7 levels left
                                        Lives:  0   Deaths: 1

rFire    . . .     SeeInvis +   (weapon unavailable)
rCold    . . .     Gourm    .   (shield unavailable)
rNeg     . . .     Faith    .   (armour unavailable)
rPois    .         Spirit   .   (helmet unavailable)
rElec    .         Reflect  .   (cloak unavailable)
rCorr    .         Harm     .   (gloves unavailable)
MR       +....                  (boots unavailable)
Stlth    +++.......             (no amulet)
HPRegen  0.04/turn              g - ring of protection from magic
MPRegen  0.10/turn              (no ring)

@: quick
A: very small, no armour, no weapons or thrown items, stealth, claws 1, fangs 3,
see invisible, carnivore, speed 1, shaggy fur 1, slow metabolism 1, sharp paws
a: no special abilities


You were on level 2 of the Dungeon.
You were not hungry.

You visited 1 branch of the dungeon, and saw 3 of its levels.

You collected 139 gold pieces.

Inventory:

Jewellery
 g - a ring of protection from magic (left paw)
Scrolls
 a - a scroll of enchant weapon {unknown}
 c - 2 scrolls of blinking {unknown}
 d - a scroll of remove curse {unknown}
 h - a scroll of fog {unknown}
 i - a scroll of amnesia {unknown}
Potions
 f - a potion of lignification {unknown}
 j - a potion of brilliance {unknown}
Comestibles
 b - 4 rations


   Skills:
 + Level 3.6 Dodging
 - Level 2.6 Stealth
 + Level 2.5 Spellcasting
 + Level 1.8 Conjurations
 * Level 3.6 Air Magic


You had one spell level left.
You knew the following spells:

 Your Spells              Type           Power        Failure   Level  Hunger
a - Shock                 Conj/Air       ##..         6%          1    #......
b - Swiftness             Chrm/Air       #.......     13%         2    ##.....
c - Static Discharge      Conj/Air       ##......     19%         3    ###....

Your spell library contained the following spells:

 Spells                   Type           Power        Failure   Level  Hunger
 Airstrike                Air            ##........   38%         4    #####..
 Lightning Bolt           Conj/Air       ##........   86%         5    ######.


Dungeon Overview and Level Annotations

Branches:
Dungeon (3/15)

Altars:
Uskayaw

Annotations:
D:2 Purgy


Innate Abilities, Weirdness & Mutations

You cannot wear armour.
You are incapable of wielding weapons or throwing items.
Your paws allow you to move quietly. (Stealth)
You have sharp claws.
You have razor-sharp teeth.
You have supernaturally acute eyesight. (SInv)
You are carnivorous and can eat meat at any time.
You cover ground quickly.
You are covered in fur. (AC +1)
You have a slow metabolism.
Your sharp claws are effective at attacking unaware monsters.


Message History

Confirm with . or Enter, or press ? or * to list all spells.
Aiming: Shock (safe; 6% risk of failure)
Press: ? - help, Shift-Dir - straight line, f/p - Purgy
Aim: Purgy (moderately wounded)
The zap misses Purgy.
Purgy closely misses you. Purgy barely misses you. Purgy completely misses you.
Casting: Shock (safe; 6% risk of failure)
Confirm with . or Enter, or press ? or * to list all spells.
Aiming: Shock (safe; 6% risk of failure)
Press: ? - help, Shift-Dir - straight line, f/p - Purgy
Aim: Purgy (moderately wounded)
The zap hits Purgy.
Purgy is moderately wounded.
Purgy completely misses you. Purgy claws you.
You die...
Purgy claws you.
You are now level 3!
You rejoin the land of the living...
Unknown command.
Are you sure you want to abandon this character and quit the game? (Confirm

..#.# #.#...######..........#
#.#.# #.#...#...............#
..#.# #.#...#.#####.........#
#.#.####.#...#.#####..)......####
..#......#####...................
..............######............#
..............# #########....#
..............##############....#
..............##@.<.............#
..(#############................#
...# #................# ...#
###............### ...#
#............# ...#
########(...........# ...#
#...................###
..#########......................
..........#.............>........


There were no monsters in sight!

Vanquished Creatures
  3 adders
  2 oozes (D:2)
  2 worms
  3 dart slugs
  2 leopard geckos
  An orc (D:3)
  3 bats
  2 giant cockroaches (D:2)
  6 goblins
  4 hobgoblins
  A quokka (D:3)
  3 frilled lizards
  4 kobolds
  4 rats
40 creatures vanquished.

Notes
Turn   | Place    | Note
-------+----------+-------------------------------------------
     0 | D:1      | Ivernyr the Felid Air Elementalist began the quest for the
                  | Orb.
     0 | D:1      | Reached XP level 1. HP: 7/7 MP: 4/4
    78 | D:1      | Reached skill level 1 in Conjurations
   183 | D:1      | Reached XP level 2. HP: 11/11 MP: 3/6
   188 | D:1      | Learned a level 2 spell: Swiftness
   862 | D:2      | Reached XP level 3. HP: 14/14 MP: 2/7
   914 | D:2      | Learned a level 3 spell: Static Discharge
  1566 | D:2      | Reached XP level 4. HP: 18/18 MP: 5/8
  1955 | D:3      | Noticed Purgy
  2113 | D:3      | Found a hide-covered altar of Uskayaw.
  2627 | D:2      | Slain by Purgy
  2628 | D:2      | Reached XP level 3. HP: 0/14 MP: 1/7
  2628 | D:2      | Quit the game

Skill      XL: |  1  2 |
---------------+-------+-----
Conjurations   | 1 |  1.8
Dodging        | 3 |  3.6
Air Magic      | 3 |  3.6
Stealth        | |  2.6
Spellcasting   | |  2.5

Action                   |  1- 3 |  4- 6 || total
-------------------------+-------+-------++-------
Melee: Unarmed           |     9 |     3 ||    12
       Bite              |     2 |       ||     2
 Cast: Shock             |    76 |    45 ||   121
       Static Discharge  |       |     3 ||     3
  Use: Potion            |       |     2 ||     2
  Eat: Chunk             |     2 |     1 ||     3
Armor: Skin              |     2 |       ||     2
Dodge: Dodged            |    15 |    31 ||    46
